 Dungeon Crawl Stone Soup version 0.24.0-13-gcf9b319 (webtiles) character file.

Game seed: 750091654132931994, levelgen mode: deterministic

41 silenth the Caller (level 3, 0/19 HPs)
             Began as a Deep Elf Summoner on Feb 10, 2020.
             Slain by a bat (1 damage)
             ... on level 2 of the Dungeon.
             The game lasted 00:02:11 (1952 turns).

silenth the Caller (Deep Elf Summoner)              Turns: 1952, Time: 00:02:11

Health: 0/19       AC:  2    Str:  5    XL:     3   Next: 32%
Magic:  10/10      EV: 18    Int: 20    God:
Gold:   50         SH:  0    Dex: 20    Spells: 3/9 levels left

rFire    . . .     SeeInvis .   k - +0 dagger (elec)
rCold    . . .     Gourm    .   (no shield)
rNeg     . . .     Faith    .   a - +0 robe
rPois    .         Spirit   .   (no helmet)
rElec    .         Reflect  .   (no cloak)
rCorr    .         Harm     .   (no gloves)
MR       .....                  (no boots)
Stlth    +++.......             (no amulet)
HPRegen  0.06/turn              (no ring)
MPRegen  0.12/turn              (no ring)

@: agile
A: no striking features
a: no special abilities


You were on level 2 of the Dungeon.
You were not hungry.

You visited 1 branch of the dungeon, and saw 2 of its levels.

You collected 50 gold pieces.

Inventory:

Hand Weapons
 d - a +0 dagger
 k - a +0 dagger of electrocution (weapon)
Missiles
 b - 6 atropa-tipped darts (quivered)
Armour
 a - a +0 robe (worn)
Scrolls
 c - a scroll of enchant armour {unknown}
 i - 3 scrolls of identify
 j - a scroll of remove curse {unknown}
 l - a scroll of blinking {unknown}
Potions
 f - a potion of invisibility
Comestibles
 e - a ration
 m - a chunk of flesh


   Skills:
 + Level 0.1 Fighting
 - Level 2.4 Dodging
 - Level 2.4 Stealth
 + Level 3.8 Spellcasting
 * Level 5.3 Summonings


You had 3 spell levels left.
You knew the following spells:

 Your Spells              Type           Power        Failure   Level  Hunger
a - Summon Small Mammal   Summ           ####         1%          1    None
b - Call Imp              Summ           ####....     2%          2    ##.....
c - Call Canine Familiar  Summ           ####....     4%          3    ###....

Your spell library contained the following spells:

 Spells                   Type           Power        Failure   Level  Hunger
 Summon Guardian Golem    Hex/Summ       ##......     13%         3    ###....
 Summon Ice Beast         Ice/Summ       ##......     41%         4    ####...
 Summon Lightning Spire   Summ/Air       ##......     41%         4    ####...


Dungeon Overview and Level Annotations

Branches:
Dungeon (2/15)

Altars:


Message History

You miss the bat.
The bat is severely wounded.
The bat barely misses you.
* * * LOW HITPOINT WARNING * * *
You feel sick.
You hit the bat but do no damage.
The bat is severely wounded.
The bat barely misses you. The bat hits you but does no damage.
The bat closely misses you.
You closely miss the bat.
The bat is severely wounded.
The bat barely misses you. The bat closely misses you.
You closely miss the bat.
The bat is severely wounded.
* * * LOW HITPOINT WARNING * * *
You feel sick.
You are no longer poisoned.
The bat barely misses you. The bat misses you. The bat hits you.
You die...

#.# #.# ### #.# #.. #+# ...
#.# #. ...## #.# #.# ...
....## #.### #.# ...<
.....####.#.## #.# ..)..
......##.#...########)#......
......'.........@b...........
......####...########.##...#.
.....## ##..# #... ... ....##
##.# ##### # ...## #.# #'##
#.# #)# #.# #.# #.# ..## #.#


You could see a bat.

Vanquished Creatures
  An adder (D:2)
  2 dart slugs (D:1)
  2 bats (D:1)
  A hobgoblin (D:1)
  2 frilled lizards (D:2)
  4 goblins (D:1)
  2 kobolds
  2 rats (D:1)
16 creatures vanquished.

Vanquished Creatures (collateral kills)
  An ooze (D:1)
  A worm (D:2)
  A giant cockroach (D:1)
  3 goblins
  3 hobgoblins (D:1)
  3 kobolds
  A ball python (D:1)
  2 rats (D:1)
15 creatures vanquished.

Grand Total: 31 creatures vanquished

Notes
Turn   | Place    | Note
-------+----------+-------------------------------------------
     0 | D:1      | silenth the Deep Elf Summoner began the quest for the Orb.
     0 | D:1      | Reached XP level 1. HP: 10/10 MP: 6/6
   490 | D:1      | Reached XP level 2. HP: 10/15 MP: 6/8
   725 | D:1      | Reached skill level 5 in Summonings
   853 | D:1      | Learned a level 2 spell: Call Imp
  1513 | D:2      | Reached XP level 3. HP: 6/19 MP: 10/10
  1725 | D:2      | Learned a level 3 spell: Call Canine Familiar
  1952 | D:2      | HP: 1/19 [poisoned by an adder]
  1952 | D:2      | Slain by a bat

Levels and vault maps discovered:
D:1:      elethiomel_arrival_fortress_basement, layout_loops_ring
D:2:      layout_loops_corners

Skill      XL: |  1  2 |
---------------+-------+-----
Summonings     | 5 |  5.3
Fighting       | |  0.1
Dodging        | |  2.4
Stealth        | |  2.4
Spellcasting   | |  3.8

Action                   || total
-------------------------++-------
Melee: Dagger            ||    81
       Unarmed           ||     7
 Cast: Summon Small Mamm ||    14
       Call Canine Famil ||     1
  Use: Scroll            ||     1
       Potion            ||     2
 Stab: Sleeping          ||     5
  Eat: Chunk             ||     3
Armor: Robe              ||    17
Dodge: Dodged            ||    73
